 Dungeon Crawl Stone Soup version 0.21.1-1-g345015f (webtiles) character file.

12437 xccam the Basher (level 11, -2/115 HPs)
             Began as a Demonspawn Abyssal Knight on Mar 1, 2018.
             Was a High Priest of Lugonu.
             Slain by a death yak (11 damage)
             ... on level 10 of the Dungeon.
             The game lasted 00:27:19 (9689 turns).

xccam the Basher (Demonspawn Abyssal Knight)        Turns: 9689, Time: 00:27:21

Health: -2/115     AC: 18    Str: 19    XL:     11   Next: 62%
Magic:  12/12      EV:  9    Int: 14    God:    Lugonu [*****.]
Gold:   748        SH:  0    Dex: 14    Spells: 10/10 levels left

rFire    . . .     SeeInvis +   u - +1 whip (flame)
rCold    . . .     Gourm    .   (no shield)
rNeg     . . .     Faith    .   N - +0 plate armour
rPois    .         Spirit   .   (no helmet)
rElec    .         Reflect  .   (no cloak)
rCorr    .         Harm     .   (gloves unavailable)
MR       .....                  (no boots)
Stlth    ..........             d - amulet of regeneration
HPRegen  0.69/turn              i - +3 ring of protection
MPRegen  0.13/turn              w - ring of see invisible

@: berserking, very quick
A: claws 3, rugged brown scales 1, spiny 3
a: Depart the Abyss, Bend Space, Banish, Corrupt, Enter the Abyss, Renounce
Religion


You were on level 10 of the Dungeon.
You worshipped Lugonu.
Lugonu was extremely pleased with you.
You were not hungry.

You visited 2 branches of the dungeon, and saw 12 of its levels.
You visited the Abyss 1 time.

You collected 748 gold pieces.

Inventory:

Hand Weapons
 a - a +2 mace
 u - a +1 whip of flaming (weapon)
 D - a cursed +0 morningstar
Armour
 k - a +0 scale mail
 A - the +0 ring mail of Past Mistakes {rElec rC+ Dex+2}
   (You found it on level 9 of the Dungeon)

   It affects your dexterity (+2).
   It protects you from cold.
   It insulates you from electricity.
 N - a +0 plate armour (worn)
Jewellery
 d - an amulet of regeneration (around neck)
 i - a +3 ring of protection (left claw)
 j - an uncursed ring of resist corrosion
 p - an uncursed ring of ice
 w - a ring of see invisible (right claw)
 x - an uncursed ring of ice
 B - an uncursed ring of magical power
 M - a +2 ring of intelligence {unknown}
Wands
 f - a wand of random effects (33)
 r - a wand of clouds (4)
 O - a wand of polymorph (2)
 R - a wand of paralysis (12)
Scrolls
 b - a scroll of silence
 e - 2 scrolls of remove curse
 l - 4 scrolls of amnesia
 m - a scroll of enchant weapon
 o - 5 scrolls of fear
 y - 3 scrolls of identify
 z - a scroll of teleportation {unknown}
 C - a scroll of acquirement {unknown}
 E - a scroll of enchant armour
 F - 2 scrolls of magic mapping
 G - 2 scrolls of fog
 J - a scroll of holy word {unknown}
Potions
 g - a potion of magic
 n - 4 potions of curing
 q - 3 potions of brilliance
 s - a potion of resistance
 t - a potion of ambrosia
 v - 4 potions of flight
 H - a potion of haste
 K - a potion of heal wounds
 L - a potion of lignification {unknown}
 Q - a potion of might
Books
 I - a book of Misfortune

   Spells                             Type                      Level
   a - Confusing Touch                Hexes                        1
   b - Confuse                        Hexes                        3
   c - Gell's Gravitas                Translocation                3
   d - Petrify                        Transmutation/Earth          4
   e - Metabolic Englaciation         Hexes/Ice                    5
   f - Yara's Violent Unravelling     Hexes/Transmutation          5
Comestibles
 c - 20 rations


   Skills:
 * Level 3.3 Fighting
 + Level 12.0 Maces & Flails
 + Level 10.1 Armour
 - Level 7.0 Dodging
 - Level 2.4 Invocations


You had 10 spell levels left.
You didn't know any spells.

Dungeon Overview and Level Annotations

Branches:
Dungeon (11/15)            Temple (1/1) D:5             Orc (0/2) D:10
   Lair: D:8-11

Altars:
Dithmenos
Elyvilon
Okawaru
Qazlal
Sif Muna
Uskayaw
Vehumet

Shops:
D:9 %   D:10 %


Innate Abilities, Weirdness & Mutations

You have claws for hands.
You are partially covered in rugged brown scales. (AC +1, +3% HP)
You are completely covered in sharp spines.


Message History

Aim: a death yak (chance to defeat MR: 1%)
The death yak resists with almost no effort.
The death yak gores you but does no damage.
Evoke which item? (* to show all) (? for menu, Esc to quit)
Aiming: Random Effects
Press: ? - help, Shift-Dir - straight line, f/p - death yak
Aim: a death yak The fireball explodes!
The fireball engulfs the death yak.
The death yak is lightly wounded.
The fireball engulfs you! The death yak gores you!!
* * * LOW HITPOINT WARNING * * *
All of the chunks of flesh in your inventory have rotted away.
A red film seems to cover your vision as you go berserk!
You feel yourself moving faster!
You feel mighty! The death yak is struck by your spines.
The death yak gores you!
* * * LOW HITPOINT WARNING * * *
You hit the death yak. You burn the death yak.
The death yak is moderately wounded.
The death yak is struck by your spines. The death yak gores you!
You die...

..### #[.##)...# #^.##
##())[#.#######
##..#######)(###.......#
##......)(.(##........#
########).[..........#
##########.............#
....#........###.......#
.........[..## #.......#
.............###@......#
..............>Y.......#
..............##.......#
........>....###.......#
.......[......##########
...........##.###
..........#.....#
................#
#.##...########## ###
###


You could see a death yak.

Vanquished Creatures
  Erolcha (D:9)
  3 two-headed ogres
  Pikel (D:5)
  A cyclops (D:10)
  3 trolls
  3 slime creatures
  2 hippogriffs
  A hornet (D:10)
  11 yaks
  A wyvern (D:8)
  Eustachio (D:4)
  A steam dragon (D:10)
  A hungry ghost (D:10)
  A sky beast (D:9)
  7 orc warriors
  An eye of draining (D:9)
  4 ice beasts
  4 ogres
  4 phantoms
  A centaur (D:10)
  A big kobold (D:8)
  8 bullfrogs
  A scorpion (D:7)
  4 killer bees
  9 wights
  3 crimson imps
  2 centaur zombies
  2 bullfrog zombies
  3 hounds
  A gnoll shaman (D:7)
  7 orc priests
  4 bullfrog skeletons
  4 jellies
  7 orc wizards
  4 iguanas
  Ijyb (D:3)
  Terence (D:3)
  9 worker ants
  3 hound zombies
  A hound skeleton (D:7)
  7 adders
  14 gnolls
  4 shadow imps
  2 oozes
  An adder skeleton (D:4)
  4 dart slugs (D:1)
  2 leopard geckos
  43 orcs
  7 giant cockroaches
  8 goblins
  7 hobgoblins
  7 jackals
  12 kobolds
  2 quokkas
  3 ball pythons
  4 bats
  10 frilled lizards
  A jackal skeleton (D:4)
  A leopard gecko zombie (D:7)
  6 rats
272 creatures vanquished.

Notes
Turn   | Place    | Note
-------+----------+-------------------------------------------
     0 | Abyss:1  | xccam the Demonspawn Abyssal Knight began the quest for the Orb.
     0 | Abyss:1  | Reached XP level 1. HP: 18/18 MP: 2/2
    14 | Abyss:1  | Found a corrupted altar of Lugonu.
    28 | Abyss:1  | Found a corrupted altar of Lugonu.
    62 | Abyss:1  | Noticed a smoke demon
    63 | Abyss:1  | Noticed a wight
    63 | D:1      | Escaped the Abyss
   248 | D:1      | Reached skill level 2 in Maces & Flails
   287 | D:1      | Gained mutation: You are partially covered in rugged brown scales. (AC +1, +3% HP) [demonic ancestry]
   287 | D:1      | Reached XP level 2. HP: 11/24 MP: 3/3
   503 | D:1      | Reached * piety under Lugonu
   568 | D:1      | Reached skill level 3 in Maces & Flails
   635 | D:1      | Gained mutation: You are partially covered in sharp spines. [demonic ancestry]
   635 | D:1      | Reached XP level 3. HP: 17/29 MP: 4/4
  1219 | D:2      | Gained mutation: You have sharp fingernails. [demonic ancestry]
  1219 | D:2      | Reached XP level 4. HP: 33/36 MP: 5/5
  1242 | D:2      | Reached ** piety under Lugonu
  1242 | D:2      | Reached skill level 4 in Maces & Flails
  1407 | D:3      | Noticed Ijyb
  1426 | D:3      | Killed Ijyb
  1633 | D:3      | Gained mutation: You are mostly covered in sharp spines. [demonic ancestry]
  1633 | D:3      | Reached XP level 5. HP: 26/42 MP: 6/6
  1973 | D:3      | Reached skill level 5 in Maces & Flails
  2076 | D:3      | Noticed Terence
  2081 | D:3      | Killed Terence
  2084 | D:3      | Found a stormy altar of Qazlal.
  2435 | D:4      | Noticed Eustachio
  2463 | D:4      | Killed Eustachio
  2463 | D:4      | Reached skill level 6 in Maces & Flails
  2463 | D:4      | Gained mutation: You have very sharp fingernails. [demonic ancestry]
  2463 | D:4      | Reached XP level 6. HP: 42/48 MP: 7/7
  2662 | D:4      | Reached skill level 7 in Maces & Flails
  2662 | D:4      | Gained mutation: You are completely covered in sharp spines. [demonic ancestry]
  2662 | D:4      | Reached XP level 7. HP: 41/53 MP: 8/8
  3071 | D:5      | Entered Level 5 of the Dungeon
  3490 | D:5      | Noticed Pikel
  3501 | D:5      | Killed Pikel
  3501 | D:5      | Reached skill level 9 in Maces & Flails
  3501 | D:5      | Reached XP level 8. HP: 24/59 MP: 9/9
  3527 | D:5      | Found a staircase to the Ecumenical Temple.
  3587 | D:5      | Reached *** piety under Lugonu
  3871 | Temple   | Entered the Ecumenical Temple
  4050 | D:6      | Reached skill level 10 in Maces & Flails
  4109 | D:6      | Reached skill level 1 in Dodging
  4690 | D:6      | Reached XP level 9. HP: 57/64 MP: 10/10
  5144 | D:7      | Reached **** piety under Lugonu
  5367 | D:7      | Reached skill level 5 in Armour
  6284 | D:8      | Found a deep blue altar of Sif Muna.
  6286 | D:8      | Noticed a two-headed ogre
  6295 | D:8      | Killed a two-headed ogre
  6295 | D:8      | Reached XP level 10. HP: 26/72 MP: 11/11
  7058 | D:8      | Reached skill level 11 in Maces & Flails
  7401 | D:9      | Noticed a two-headed ogre
  7412 | D:9      | Killed a two-headed ogre
  7419 | D:9      | Reached skill level 5 in Dodging
  7425 | D:9      | Got a polished ring mail
  7437 | D:9      | Identified the cursed +0 ring mail of Past Mistakes {rElec rC+ Dex+2} (You found it on level 9 of the Dungeon)
  7509 | D:9      | Reached ***** piety under Lugonu
  7895 | D:10     | Entered Level 10 of the Dungeon
  7895 | D:10     | Found Pulah's Food Emporium.
  7899 | D:10     | Noticed Erolcha
  7925 | D:9      | Killed Erolcha
  8091 | D:10     | Gained mutation: You have claws for hands. [demonic ancestry]
  8091 | D:10     | Reached XP level 11. HP: 63/77 MP: 12/12
  8443 | D:10     | Noticed a two-headed ogre
  8457 | D:10     | Killed a two-headed ogre
  9285 | D:10     | Paralysed by a hornet for 3 turns
  9355 | D:10     | Found a staircase to the Orcish Mines.
  9430 | D:10     | Reached skill level 10 in Armour
  9579 | D:11     | Reached skill level 12 in Maces & Flails
  9624 | D:11     | Noticed a death yak
  9629 | D:11     | Noticed a death yak
  9632 | D:11     | Noticed a death yak
  9689 | D:10     | Slain by a death yak

Skill      XL: |  1  2  3  4  5  6  7  8  9 10 11 |
---------------+----------------------------------+-----
Maces & Flails | 2 3 4 6 7 9 10 11 12 | 12.0
Dodging        | 2 4 6 7 |  7.0
Armour         | 3 6 8 10 | 10.1
Fighting       | |  3.3
Invocations    | |  2.4

Action                   |  1- 3 |  4- 6 |  7- 9 | 10-12 || total
-------------------------+-------+-------+-------+-------++-------
Melee: Mace              |    91 |   112 |    35 |       ||   238
       Whip              |       |       |   325 |   552 ||   877
       Unarmed           |       |       |       |     3 ||     3
Invok: Depart the Abyss  |     1 |       |       |       ||     1
Evoke: Wand              |       |       |     1 |     6 ||     7
  Use: Scroll            |       |     6 |     5 |     6 ||    17
       Potion            |       |     2 |     9 |     3 ||    14
 Stab: Paralysed         |       |       |    10 |       ||    10
  Eat: Chunk             |     1 |     1 |     8 |     4 ||    14
       Ration            |       |     1 |     1 |     3 ||     5
Armor: Leather armour    |    38 |       |       |       ||    38
       Ring mail         |     1 |    15 |       |    78 ||    94
       Scale mail        |       |    37 |    90 |    15 ||   142
       Plate armour      |       |       |       |    42 ||    42
       Skin              |       |       |       |     1 ||     1
Dodge: Dodged            |    51 |    63 |   106 |   220 ||   440
